 Dungeon Crawl Stone Soup version 0.29-a0-468-ge57f7f99b4 (webtiles) character file.

Game seed: 15007765334800434731

6355 siradein the Merchant of Misery (level 10, -7/53 (65) HPs)
             Began as a Demonspawn Necromancer on May 21, 2022.
             Was a Believer of Kikubaaqudgha.
             Killed by the air
             ... invoked by Gastronok
              (33 damage)
             ... on level 9 of the Dungeon.
             The game lasted 00:23:47 (12456 turns).

siradein the Merchant of Misery (DsNe)             Turns: 12456, Time: 00:23:48

HP:   -7/53 (65)    AC: 10    Str:  9    XL:     10   Next: 65%
MP:   24/24         EV: 10    Int: 20    God:    Kikubaaqudgha [**....]
Gold: 656           SH: 10    Dex: 18    Spells: 18/30 levels left

rFire   + . .      SeeInvis .   e - +5 rapier of Agony {venom, Dex+4}
rCold   . . .      Faith    .   G - +2 kite shield
rNeg    . . .      Spirit   .   r - +2 leather armour "Utodoex" {rPois rF+}
rPois   +          Reflect  .   (no helmet)
rElec   .          Harm     .   (no cloak)
rCorr   .          Rampage  .   A - +0 pair of gloves
Will    .....                   n - +0 pair of boots
Stlth   ++........              (no amulet)
HPRegen 0.17/turn               B - ring of poison resistance
MPRegen 0.19/turn               (no ring)

@: heavily drained
A: yellow scales 2, ignite blood 2, powered by death 1, demonic touch 1
a: Renounce Religion, Unearth Wretches


You were on level 9 of the Dungeon.
You worshipped Kikubaaqudgha.
Kikubaaqudgha was pleased with you.
You visited 1 branch of the dungeon, and saw 9 of its levels.

You collected 656 gold pieces.

Inventory:

Hand Weapons
 e - the +5 rapier of Agony (weapon) {venom, Dex+4}
   (You found it on level 4 of the Dungeon)

   It poisons the flesh of those it strikes.
   Dex:       It affects your dexterity (+4).
Armour
 n - a +0 pair of boots (worn)
 r - the +2 leather armour "Utodoex" (worn) {rPois rF+}
   (You found it on level 2 of the Dungeon)

   rF:        It protects you from fire.
   rPois:     It protects you from poison.
 A - a +0 pair of gloves (worn)
 G - a +2 kite shield (worn)
Jewellery
 y - an amulet of guardian spirit
 B - a ring of poison resistance (left hand)
Wands
 a - a wand of paralysis (11)
 x - a wand of charming (4)
 D - a wand of polymorph (3)
 I - a wand of flame (10)
 L - a wand of digging (7)
Scrolls
 g - 3 scrolls of immolation
 h - 2 scrolls of blinking
 i - 5 scrolls of teleportation
 j - 3 scrolls of magic mapping
 m - 2 scrolls of fog
 p - 2 scrolls of vulnerability {unknown}
 q - 5 scrolls of poison {unknown}
 t - 7 scrolls of amnesia {unknown}
 u - a scroll of noise {unknown}
 v - a scroll of acquirement {unknown}
 z - 2 scrolls of enchant armour {unknown}
 E - a scroll of fear {unknown}
 H - a scroll of silence {unknown}
 J - a scroll of torment {unknown}
 K - a scroll of identify
Potions
 b - 2 potions of magic
 c - 2 potions of haste
 d - 6 potions of heal wounds
 f - a potion of mutation {unknown}
 k - 3 potions of brilliance
 l - a potion of cancellation
 o - 2 potions of invisibility
 s - 3 potions of berserk rage
 w - a potion of lignification
 C - 3 potions of curing
 F - a potion of ambrosia {unknown}


   Skills:
 + Level 1.1 Fighting
 + Level 0.9 Armour
 - Level 1.7 Dodging
 - Level 1.7 Stealth
 + Level 1.0 Shields
 + Level 10.6 Spellcasting
 + Level 13.1 Necromancy


You had 18 spell levels left.
You knew the following spells:

 Your Spells              Type           Power      Damage    Failure   Level
a - Necrotize             Necr           100%       1d9       1%          1
b - Vampiric Draining     Necr           58%        2d10      1%          3
c - Animate Dead          Necr           58%        N/A       1%          4
d - Anguish               Hex/Necr       18%        N/A       22%         4

Your spell library contained the following spells:

 Spells                   Type           Power      Damage    Failure   Level
 Sublimation of Blood     Necr           58%        N/A       1%          2
 Agony                    Necr           58%        N/A       4%          5
 Beastly Appendage        Tmut           20%        N/A       32%         1
 Foxfire                  Conj/Fire      40%        2x1d6     32%         1
 Ensorcelled Hibernation  Hex/Ice        20%        N/A       43%         2
 Static Discharge         Conj/Air       10%        N/A       43%         2
 Wereblood                Tmut           10%        N/A       43%         2
 Call Canine Familiar     Summ           10%        N/A       67%         3
 Conjure Flame            Conj/Fire      10%        6-21      67%         3
 Dazzling Flash           Conj/Hex       20%        N/A       67%         3
 Inner Flame              Hex/Fire       10%        N/A       67%         3
 Portal Projectile        Hex/Tloc       20%        N/A       67%         3
 Spider Form              Tmut/Pois      10%        N/A       67%         3
 Flame Wave               Conj/Fire      10%        2d5       97%         4
 Leda's Liquefaction      Hex/Erth       5%         N/A       97%         4
 Summon Ice Beast         Ice/Summ       10%        N/A       97%         4
 Lightning Bolt           Conj/Air       5%         1d17      100%        5
 Silence                  Hex/Air        5%         N/A       100%        5
 Summon Mana Viper        Hex/Summ       10%        N/A       100%        5
 Monstrous Menagerie      Summ           5%         N/A       100%        7
 Summon Hydra             Summ           5%         N/A       100%        7
 Maxwell's Capacitive Co  Air            5%         ∞         100%        8


Dungeon Overview and Level Annotations

Branches:
Dungeon (9/15)             Temple (0/1) D:5
   Lair: D:8-11         Orc: D:9-12

Altars:
Cheibriados
Kikubaaqudgha
Nemelex Xobeh
The Shining One

Shops:
D:4 :   D:9 !

Annotations:
D:9 Gastronok


Innate Abilities, Weirdness & Mutations

You are mostly covered in yellow scales. (AC +3)
Your demonic aura often causes spilled blood to erupt in flames.
You regenerate a little health from kills.
Your touch may inflict minor irresistible damage on your foes.


Message History

Found a stone staircase leading down.
There is an entrance to Ori Jasch's Distillery here.
You pick up a book of the Senses and begin reading...
You add the spells Dazzling Flash and Silence to your library.
Found an escape hatch in the ceiling.
A howler monkey comes into view.
A howler monkey is nearby!
A howler monkey is nearby!
Casting: Animate Dead (dangerous; 1% risk of failure)
Confirm with . or Enter, or press ? or * to list all spells.
You call upon the dead to rise.
The howler monkey howls!
You hit the howler monkey.
The howler monkey is moderately wounded.
The howler monkey is engulfed in blazing flames.
You kill the howler monkey!
Kikubaaqudgha accepts your kill.
The dead are walking!
Your Shields skill increases to level 1!
Your howler monkey zombie is engulfed in blazing flames.
Your howler monkey zombie is engulfed in blazing flames.
You destroy your howler monkey zombie!
You swap places.
You see here a +0 shortbow.
You swap places.
You see here a +0 shortbow.
Your reaping aura is weakening.
You see here 14 stones.
Gastronok gurgles horribly!
Gastronok gurgles, "It's true, you are what you eat."
Your reaping aura expires.
Gastronok waves his eye-stalks in wide circles.
The air twists around and strikes you!!
Ouch! That really hurt!
You are too injured to fight recklessly!
Gastronok waves his eye-stalks in wide circles.
The air twists around and strikes you!!
Ouch! That really hurt!
You die...
Kikubaaqudgha rasps: "You have failed me!
Welcome... death!"

........................###......
......................[.# #......
.........###..........[.###......
.........# #....###...[..........
.........###....# #..............
................###[.............
....................[............
................w................
................@.............###
......................<.......# #
......^............Z..........###
.................................
.................................
................###..............
.........###....# #..............
.........# #....###..............
.........###............###......


You could see Gastronok (ally target) and a friendly howler monkey zombie.

Vanquished Creatures
  A boulder beetle (D:7)
  Prince Ribbit (D:6)
  Grinder (D:6)
  A vampire (D:7)
  A wyvern (D:9)
  3 steam dragons
  Eustachio (D:6)
  An acid dragon (D:9)
  A water moccasin (D:7)
  5 ice beasts
  2 orc warriors
  A black bear (D:7)
  3 sky beasts
  2 phantoms (D:4)
  3 centaurs
  2 kobold brigands
  7 bullfrogs
  6 scorpions
  2 gnoll sergeants (D:8)
  A water moccasin zombie (D:7)
  4 wights
  5 killer bees (D:7)
  2 howler monkeys
  4 hounds
  An orc priest (D:6)
  5 jellies
  3 gnoll shamans
  3 iguanas
  7 orc wizards
  A killer bee zombie (D:7)
  Terence (D:2)
  A mummy (D:7)
  A howler monkey zombie (D:9)
  23 gnolls
  6 adders
  5 shadow imps
  3 ufetubi
  A worm (D:3)
  5 dart slugs
  18 orcs
  6 endoplasms
  5 gnoll zombies (D:8)
  6 hobgoblins
  A quokka (D:2)
  14 ball pythons
  3 bats (D:1)
  A frilled lizard (D:1)
  6 goblins
  14 kobolds
  3 rats
203 creatures vanquished.

Vanquished Creatures (collateral kills)
  A wraith (D:9)
  A wight (D:9)
  A killer bee (D:7)
  A gnoll (D:8)
  2 dart slugs
  4 orcs (D:7)
  An endoplasm (D:2)
  A kobold (D:2)
  A frilled lizard (D:2)
  2 rats
15 creatures vanquished.

Vanquished Creatures (others)
  A wyvern zombie (D:9)
  A water moccasin zombie (D:7)
  A black bear zombie (D:7)
  2 killer bee zombies (D:7)
  An ufetubus (D:7)
  An iguana zombie (D:7)
  8 gnoll zombies
  2 kobold zombies (D:8)
  8 orc zombies
  6 plants (D:2)
31 creatures vanquished.

Grand Total: 249 creatures vanquished

Notes
Turn   | Place    | Note
-------+----------+-------------------------------------------
     0 | D:1      | siradein the Demonspawn Necromancer began the quest for the
                  | Orb.
     0 | D:1      | Reached XP level 1. HP: 13/13 MP: 3/3
   349 | D:1      | Gained mutation: You are partially covered in yellow
                  | scales. (AC +2) [demonic ancestry]
   349 | D:1      | Reached XP level 2. HP: 19/19 MP: 3/5
   727 | D:1      | Found a faded altar of an unknown god.
   747 | D:1      | Reached skill level 5 in Necromancy
   747 | D:1      | Reached XP level 3. HP: 1/24 MP: 0/7
   751 | D:1      | Learned a level 3 spell: Vampiric Draining
  1519 | D:2      | Noticed Terence
  1526 | D:2      | Killed Terence
  1527 | D:2      | Gained mutation: Your demonic aura sometimes causes spilled
                  | blood to erupt in flames. [demonic ancestry]
  1527 | D:2      | Reached XP level 4. HP: 13/30 MP: 1/8
  2185 | D:2      | Identified the +2 leather armour "Utodoex" {rPois rF+}
  2321 | D:3      | Learned a level 4 spell: Animate Dead
  2604 | D:3      | Reached XP level 5. HP: 35/35 MP: 4/10
  2617 | D:3      | Reached skill level 6 in Necromancy
  3261 | D:4      | Identified the +5 rapier of Agony {venom, Dex+4}
  3606 | D:4      | Reached XP level 6. HP: 32/41 MP: 8/12
  3970 | D:4      | Found an ancient bone altar of Kikubaaqudgha.
  4033 | D:4      | Became a worshipper of Kikubaaqudgha
  4145 | D:4      | Found Zion Oha's Book Boutique.
  4302 | D:5      | Entered Level 5 of the Dungeon
  4316 | D:4      | Reached skill level 5 in Spellcasting
  4316 | D:4      | Reached skill level 7 in Necromancy
  4452 | D:4      | Gained mutation: You regenerate a little health from kills.
                  | [demonic ancestry]
  4452 | D:4      | Reached XP level 7. HP: 36/46 MP: 14/14
  4567 | D:5      | Found a staircase to the Ecumenical Temple.
  5617 | D:6      | Noticed Grinder
  5623 | D:6      | Reached skill level 8 in Necromancy
  5641 | D:6      | Paralysed by Grinder for 5 turns
  5652 | D:6      | Killed Grinder
  5653 | D:6      | Gained mutation: Your touch may inflict minor irresistible
                  | damage on your foes. [demonic ancestry]
  5653 | D:6      | Reached XP level 8. HP: 10/52 MP: 11/17
  5987 | D:6      | Reached skill level 9 in Necromancy
  6017 | D:6      | Noticed Prince Ribbit
  6022 | D:6      | Killed Prince Ribbit
  6030 | D:6      | Reached * piety under Kikubaaqudgha
  6030 | D:6      | Received a gift from Kikubaaqudgha
  6036 | D:6      | Learned a level 4 spell: Anguish
  6042 | D:6      | Noticed Eustachio
  6160 | D:6      | Killed Eustachio
  6794 | D:7      | Reached skill level 10 in Necromancy
  6859 | D:7      | Found a sparkling altar of Nemelex Xobeh.
  6891 | D:7      | Noticed a boulder beetle
  6916 | D:7      | Found a sparkling altar of Nemelex Xobeh.
  7164 | D:7      | Gained mutation: Your demonic aura often causes spilled
                  | blood to erupt in flames. [demonic ancestry]
  7164 | D:7      | Reached XP level 9. HP: 57/57 MP: 15/20
  7893 | D:7      | Reached skill level 11 in Necromancy
  7893 | D:7      | Killed a boulder beetle
  8022 | D:7      | Gained mutation: You are mostly covered in yellow scales.
                  | (AC +3) [demonic ancestry]
  8022 | D:7      | Reached XP level 10. HP: 54/63 MP: 20/23
  8106 | D:7      | Reached skill level 12 in Necromancy
  8421 | D:7      | Reached ** piety under Kikubaaqudgha
  8844 | D:7      | Found a snail-covered altar of Cheibriados.
  8927 | D:7      | Found a sparkling altar of Nemelex Xobeh.
  9415 | D:7      | Found a sparkling altar of Nemelex Xobeh.
  9919 | D:8      | Reached skill level 10 in Spellcasting
 11356 | D:9      | Reached skill level 13 in Necromancy
 12110 | D:9      | Noticed Gastronok
 12188 | D:9      | Reached skill level 1 in Fighting
 12281 | D:9      | Found Ori Jasch's Distillery.
 12396 | D:9      | Reached skill level 1 in Shields
 12456 | D:9      | Killed from afar by Gastronok

Illustrated notes

Levels and vault maps discovered:
D:1:      lightli_arrival_statue_moat, layout_loops_ring,
          hellmonk_ecumenical_altar_lost_god
D:2:      layout_rooms, lexackson_kobold_supper, uniq_terence
D:3:      layout_loops_ring, grunt_ministairs_14, hangedman_decor_lopped,
          kennysheep_another_room
D:4:      layout_basic, nicolae_kikubaaqudgha_miasma_corner, serial_shops,
          nicolae_square_shop, grunt_ministairs_2
D:5:      layout_basic, minmay_temple_entry_overgrown
D:6:      layout_rooms, serial_curves, eino_curves_02, eino_curves_01,
          hangedman_abyss_or_decor_lesser_grid, uniq_grinder,
          uniq_prince_ribbit1, uniq_eustachio
D:7:      minmay_the_grid_octo_tiled_squarecenter [minmay_the_grid_octo_chip,
          minmay_the_grid_octo_vomiting_pacman, minmay_the_grid_octo_clover,
          minmay_the_grid_octo_fan_narrow,
          minmay_the_grid_square_5x5_megaprize_hollow,
          minmay_the_grid_square_5x5_intrusive_squares,
          minmay_the_grid_square_5x5_pentomino_r,
          minmay_the_grid_square_5x5_shuriken, minmay_the_grid_square_5x5_two],
          layout_loops_ring, slow_altar_2, mainiacjoe_overflow_alcove_1,
          kennysheep_generic_room_4
D:8:      layout_basic, mainiacjoe_overflow_small_starburst
D:9:      layout_big_octagon, nicolae_stop_n_shop_1, uniq_gastronok

Skill      XL: |  1  2  3  4  5  6  7  8  9 10 |
---------------+-------------------------------+-----
Necromancy     | 5 6 7 8 10 11 13 | 13.1
Spellcasting   | 3 4 5 6 7 9 10 | 10.6
Fighting       | 1 |  1.1
Shields        | 1 |  1.0
Armour         | |  0.9
Dodging        | |  1.7
Stealth        | |  1.7

Action                   |  1- 3 |  4- 6 |  7- 9 | 10-12 || total
-------------------------+-------+-------+-------+-------++-------
Melee: Whip              |     9 |       |       |       ||     9
       Short sword       |     7 |     4 |       |       ||    11
       Dagger            |       |    12 |       |       ||    12
       Rapier            |       |    40 |   138 |   152 ||   330
 Cast: Necrotize         |    59 |    92 |    48 |     3 ||   202
       Vampiric Draining |       |       |    13 |    22 ||    35
       Animate Dead      |       |       |     6 |     9 ||    15
  Use: Scroll            |       |     3 |     5 |     6 ||    14
       Potion            |       |       |     1 |       ||     1
 Stab: Distracted        |       |       |     1 |       ||     1
       Sleeping          |       |       |       |     2 ||     2
Armor: Robe              |     7 |     5 |       |       ||    12
       Leather armour    |       |    20 |    86 |    78 ||   184
Dodge: Dodged            |    17 |    28 |   120 |   100 ||   265
Block: Buckler           |     1 |    10 |    46 |    24 ||    81
       Kite shield       |       |       |       |    44 ||    44

Table legend: (Time is in decaauts)
 A = Elapsed time spent in this place.
 B = Non-inter-level travel time spent in this place.
 C = Inter-level travel time spent in this place.
 D = Time resting spent in this place.
 E = Time spent auto-exploring this place.
 F = Levels seen in this place.
 G = Mean time per level.
                   A        B        C        D        E       F      G
               +--------+--------+--------+--------+--------+-----+--------+
         Total |  12558 |  12184 |    374 |   1469 |   8302 |   9 | 1395.3 |
       Dungeon |  12558 |  12184 |    374 |   1469 |   8302 |   9 | 1395.3 |
               +--------+--------+--------+--------+--------+-----+--------+

Top non-repeatable levels by time:
     D:7: 2805 daAuts
     D:8: 1668 daAuts
     D:1: 1375 daAuts
     D:5: 1355 daAuts
     D:4: 1279 daAuts
     D:6: 1160 daAuts
     D:3: 1035 daAuts
     D:9: 953 daAuts
     D:2: 925 daAuts
